 Dungeon Crawl Stone Soup version 0.30-a0-778-g2ef04afb54 (webtiles) character file.

Game seed: 17536630955696213200

4631 kae the Geomancer (level 10, -3/53 HPs)
             Began as a Gargoyle Earth Elementalist on Feb 15, 2023.
             Was a Believer of Vehumet.
             Slain by a tengu warrior
             ... wielding a +0 great sword
              (6 damage)
             ... on level 8 of the Dungeon.
             The game lasted 00:08:12 (8711 turns).

kae the Geomancer (Gargoyle Earth Elementalist)     Turns: 8711, Time: 00:08:13

Health: -3/53      AC: 13    Str: 18    XL:     10   Next: 42%
Magic:  12/22      EV: 11    Int: 20    God:    Vehumet [**....]
Gold:   410        SH:  0    Dex: 10    Spells: 15/25 levels left

rFire   . . .      SeeInvis .    h - +4 whip (flame)
rCold   . . .      Faith    .    (no shield)
rNeg    + + .      Spirit   .    a - +0 robe
rPois   ∞          Reflect  .    (no helmet)
rElec   +          Harm     .    j - +0 cloak
rCorr   .          Rampage  .    B - +0 pair of gloves
Will    .....                    i - +1 pair of boots
Stlth   ++                       (no amulet)
HPRegen 0.28/turn                S - +6 ring of strength
MPRegen 0.18/turn                N - ring of positive energy

@: no status effects
A: sickness immunity, AC +7, negative energy resistance 1, electricity
resistance, torment resistance 1, petrification resistance
a: Renounce Religion


You were on level 8 of the Dungeon.
You worshipped Vehumet.
Vehumet was pleased with you.
You visited 2 branches of the dungeon, and saw 9 of its levels.
You also visited: Sewer.

You collected 410 gold pieces.


Innate Abilities, Weirdness & Mutations

You are immune to sickness and miasma.
Your stone body is resilient. (AC +7)
You are immune to poison.
You resist negative energy. (rN+)
You are resistant to electric shocks. (rElec)
You are resistant to unholy torment.
You are immune to petrification.


   Skills:
 + Level 2.2 Fighting
 - Level 1.5 Dodging
 - Level 2.1 Stealth
 - Level 8.0 Spellcasting
 - Level 10.0 Conjurations
 - Level 2.0 Transmutations
 - Level 10.0 Earth Magic


You had 15 spell levels left.
You knew the following spells:

 Your Spells              Type           Power      Damage    Failure   Level
a - Sandblast             Erth           96%        2d20      1%          1
b - Stone Arrow           Conj/Erth      96%        3d13      1%          3
c - Passwall              Tmut/Erth      26%        N/A       1%          2
d - Petrify               Tmut/Erth      32%        N/A       7%          4

Your spell library contained the following spells:

 Spells                   Type           Power      Damage    Failure   Level
 Momentum Strike          Conj/Tloc      56%        3d9       1%          2
 Wereblood                Tmut           16%        N/A       5%          2
 Ignite Poison            Fire/Tmut/Pois 10%        N/A       21%         3
 Kindle Blastsparks       Fire/Tloc/Air  16%        2d11      26%         3
 Freezing Cloud           Conj/Ice/Air   10%        6-21      52%         5
 Summon Hydra             Summ           4%         N/A       100%        7
 Sublimation of Blood     Necr           Unusable   N/A       N/A         2

Inventory:

Hand Weapons
 e - a +0 short sword
   (You took it off a kobold on level 1 of the Dungeon)
 h - a +4 whip of flaming (weapon)
   (You took it off a kobold on level 2 of the Dungeon)
 s - a +2 dagger of venom
   (You took it off Jessica on level 2 of the Dungeon)
Missiles
 c - 40 stones
 g - 10 poisoned darts
 m - 2 throwing nets {=f!f}
 q - 5 javelins
 y - 2 boomerangs
 D - 4 datura-tipped darts
Armour
 a - a +0 robe (worn)
 i - a +1 pair of boots (worn)
   (You found it on level 1 of the Dungeon)
 j - a +0 cloak (worn)
   (You found it on level 1 of the Dungeon)
 B - a +0 pair of gloves (worn)
   (You found it in a sewer)
Jewellery
 C - a ring of ice
   (You found it on level 1 of the Dungeon)
 F - a ring of fire
   (You took it off an orc on level 5 of the Dungeon)
 N - a ring of positive energy (right hand)
   (You found it on level 8 of the Dungeon)
 S - a +6 ring of strength (left hand)
   (You found it on level 3 of the Dungeon)
Wands
 r - a wand of flame (20)
   (You took it off Jessica on level 2 of the Dungeon)
 E - a wand of iceblast (6)
   (You found it on level 8 of the Dungeon)
 H - a wand of paralysis (7)
   (You found it on level 6 of the Dungeon)
Scrolls
 k - a scroll of identify {@r1}
 n - 3 scrolls of fear
 o - 5 scrolls of poison
 v - 2 scrolls of enchant armour
 w - 2 scrolls of enchant weapon
 z - 2 scrolls of vulnerability {!r!r}
Potions
 b - 2 potions of magic
 d - 3 potions of might
 f - a potion of berserk rage {!q}
 l - a potion of degeneration {!q}
 p - 8 potions of curing {@q1}
 t - a potion of resistance
 x - 2 potions of flight
 G - a potion of ambrosia
 I - 2 potions of attraction {!q}
 J - 2 potions of mutation {!q}

Dungeon Overview and Level Annotations

Branches:
Dungeon (8/15) Zot: 24357  Temple (1/1) D:5 Zot: 5865   Sewer (visited)
   Lair: D:8-11

Altars:
Ashenzari
Cheibriados
Dithmenos
Elyvilon
Fedhas
Gozag
Hepliaklqana
Kikubaaqudgha
Makhleb
Nemelex Xobeh
Okawaru
Qazlal
Ru
Sif Muna
Trog
Uskayaw
Vehumet
Wu Jian
Xom
Yredelemnul
Zin
The Shining One

#.♣ ♣.#. ~~.#
#.♣♣♣.#. ~.♣
#.....#.♣♣ ♣♣.♣♣
##♣'♣##♣.♣ #♣.#.♣#
.#..<..#.♣♣ ♣#[~~~)#
.'..8.)'..♣♣♣..~~~.#
.#..>.[#♣♣.†.#.~~~.#
##♣'♣## ♣♣♣.#♣Q#.♣#
♣.♣ ♣....#♣♣@♣♣ .♣.
♣.♣♣♣#♣.~.♣# .♣ ♣ ♣
#.~~~.# #♣ #♣.~.♣#
♣♣.♣♣ ### ### ♣♣
##.## .♣♣ #####
##...## ♣♣..♣
#...#####.....###


You could see a tengu warrior.


Message History

Confirm with . or Enter, or press ? or * to list all spells.
Aiming: Stone Arrow (safe; 1% risk of failure)
Press: ? - help, Shift-Dir - straight line, f/p - tengu warrior
Aim: a tengu warrior, wielding a +0 great sword and wearing the +5 ring mail of Ru's Whim {rF++ MP+9 Int-3 Stlth+} (heavily wounded, 57% to hit)
The stone arrow misses the tengu warrior.
The tengu warrior hits you with a +0 great sword!
The tengu warrior barely misses you.
The tengu warrior claws you but does no damage. 😮 HP[-8] MP[-2]
You take 8 damage, and now have 35/53 hp.
You lost 2 mp, and now have 8/22 mp.
Casting: Stone Arrow (safe; 1% risk of failure)
Confirm with . or Enter, or press ? or * to list all spells.
Aiming: Stone Arrow (safe; 1% risk of failure)
Press: ? - help, Shift-Dir - straight line, f/p - tengu warrior
Aim: a tengu warrior, wielding a +0 great sword and wearing the +5 ring mail of Ru's Whim {rF++ MP+9 Int-3 Stlth+} (heavily wounded, 57% to hit)
The stone arrow hits the tengu warrior!
The tengu warrior completely misses you.
The tengu warrior pecks you but does no damage.
The tengu warrior barely misses you. 😮 HP[+1] MP[-3]
You lost 3 mp, and now have 5/22 mp.
Unknown command.
Casting: Stone Arrow (safe; 1% risk of failure)
Confirm with . or Enter, or press ? or * to list all spells.
Aiming: Stone Arrow (safe; 1% risk of failure)
Press: ? - help, Shift-Dir - straight line, f/p - tengu warrior
Aim: a tengu warrior, wielding a +0 great sword and wearing the +5 ring mail of Ru's Whim {rF++ MP+9 Int-3 Stlth+} (almost dead, 57% to hit)
The stone arrow hits the tengu warrior.
The tengu warrior hits you with a +0 great sword!
The tengu warrior closely misses you.
The tengu warrior claws you but does no damage. 😮 HP[-9] MP[-3]
You take 9 damage, and now have 27/53 hp.
You lost 3 mp, and now have 2/22 mp.
Unknown command.
Casting: Stone Arrow (safe; 1% risk of failure)
Confirm with . or Enter, or press ? or * to list all spells.
Aiming: Sandblast (safe; 1% risk of failure)
Press: ? - help, Shift-Dir - straight line, f/p - tengu warrior
Aim: a tengu warrior, wielding a +0 great sword and wearing the +5 ring mail of Ru's Whim {rF++ MP+9 Int-3 Stlth+} (almost dead, 73% to hit)
The blast of sand hits the tengu warrior.
The tengu warrior misses you.
The tengu warrior pecks you but does no damage.
The tengu warrior claws you but does no damage.
The tengu warrior hits you with a +0 great sword!
* * * LOW HITPOINT WARNING * * *
The tengu warrior pecks you.
* * * LOW HITPOINT WARNING * * *
The tengu warrior closely misses you. 😱 HP[-14] MP[-1]
You take 14 damage, and now have 13/53 hp.
MASSIVE DAMAGE!! (PAUSE)
You lost 1 mp, and now have 1/22 mp.
Casting: Sandblast (safe; 1% risk of failure)
Confirm with . or Enter, or press ? or * to list all spells.
Aiming: Sandblast (safe; 1% risk of failure)
Press: ? - help, Shift-Dir - straight line, f/p - tengu warrior
Aim: a tengu warrior, wielding a +0 great sword and wearing the +5 ring mail of Ru's Whim {rF++ MP+9 Int-3 Stlth+} (almost dead, 73% to hit)
The blast of sand hits the tengu warrior but does no damage.
The tengu warrior hits you but does no damage.
The tengu warrior pecks you but does no damage.
The tengu warrior claws you but does no damage. 😨 HP[+1] MP[-1]
You lost 1 mp, and now have 0/22 mp.
Unknown command.
Casting: Sandblast (safe; 1% risk of failure)
Confirm with . or Enter, or press ? or * to list all spells.
You don't have enough magic to cast this spell.
You hit the tengu warrior but do no damage.
The tengu warrior barely misses you. The tengu warrior pecks you.
* * * LOW HITPOINT WARNING * * *
The tengu warrior claws you but does no damage. 😱 HP[-1] MP[+1]
You take 1 damage, and now have 13/53 hp.
Unknown command.
You feel much better.
The tengu warrior hits you with a +0 great sword!!
* * * LOW HITPOINT WARNING * * *
The tengu warrior barely misses you.
The tengu warrior claws you but does no damage. 😨 HP[+2]
You regained 2 hp, and now have 15/53 hp.
Magic courses through your body.
The tengu warrior hits you with a +0 great sword!
* * * LOW HITPOINT WARNING * * *
The tengu warrior pecks you but does no damage.
The tengu warrior closely misses you. 😱 HP[-12] MP[+14]
You take 12 damage, and now have 3/53 hp.
MASSIVE DAMAGE!! (PAUSE)
You regained 14 mp, and now have 15/22 mp.
Casting: Sandblast (safe; 1% risk of failure)
Confirm with . or Enter, or press ? or * to list all spells.
Aiming: Stone Arrow (safe; 1% risk of failure)
Press: ? - help, Shift-Dir - straight line, f/p - tengu warrior
Aim: a tengu warrior, wielding a +0 great sword and wearing the +5 ring mail of Ru's Whim {rF++ MP+9 Int-3 Stlth+} (almost dead, 57% to hit)
The stone arrow hits the tengu warrior.
The tengu warrior hits you with a +0 great sword.
You die...

Skill      XL: |  1  2  3  4  5  6  7  8  9 10 |
---------------+-------------------------------+-----
Earth Magic    | 4 5 6 7 9 10 | 10.0
Spellcasting   | 3 4 5 7 8 |  8.0
Conjurations   | 1 2 3 5 7 9 10 | 10.0
Transmutations | 1 2 |  2.0
Fighting       | 2 |  2.2
Dodging        | |  1.5
Stealth        | |  2.1

Action                     |  1- 3 |  4- 6 |  7- 9 | 10-12 || total
---------------------------+-------+-------+-------+-------++-------
  Melee: Unarmed           |    22 |       |       |       ||    22
         Punch             |     1 |       |       |       ||     1
         Short sword       |    36 |     9 |       |       ||    45
         Whip              |       |    15 |    28 |     1 ||    44
   Cast: Sandblast         |    52 |    84 |   196 |    12 ||   344
         Stone Arrow       |       |       |    31 |    19 ||    50
    Use: Scroll            |     4 |     8 |     9 |       ||    21
         Potion            |       |     1 |     1 |     2 ||     4
 Armour: Robe              |    32 |    36 |    66 |    18 ||   152
  Dodge: Dodged            |    50 |    34 |    91 |    13 ||   188

Levels and vault maps discovered:
D:1:      dpeg_arrival_yet_another_circle, layout_loops_ring
D:2:      layout_loops_ring, basic_ecumenical_altar, basic_altar,
          kennysheep_jessica_study, uniq_robin
D:3:      layout_basic, chequers_temple_overflow_statue_of_worship,
          amcnicky_mini_rare_corridor_liquid
D:4:      layout_rooms, fedhas_altar_4, st_stairs_8,
          minmay_misc_feat_more_columns, uniq_edmund
D:5:      layout_rooms, minmay_temple_entry_stoned_glass, amethyst_killhole,
          kennysheep_generic_room_16
D:6:      layout_basic, gup_sewer_entry_bowl
D:7:      layout_basic
D:8:      nzn_winding_woodlands_stair_cross
          [nzn_winding_woodlands_5x15_sawtooth,
          nzn_winding_woodlands_center_triple_pond,
          nzn_winding_woodlands_5x15_jagged,
          nzn_winding_woodlands_5x5_perimeter,
          nzn_winding_woodlands_5x5_closed_star,
          nzn_winding_woodlands_5x15_sidewinder,
          nzn_winding_woodlands_center_diamonds,
          nzn_winding_woodlands_5x15_crooked], layout_loops_corners,
          mainiacjoe_overflow_tiny_flanked
Temple:   lightli_temple_of_artemis

Notes
Turn   | Place    | Note
-------+----------+-------------------------------------------
     0 | D:1      | kae the Gargoyle Earth Elementalist began the quest for the
                  | Orb.
     0 | D:1      | Reached XP level 1. HP: 10/10 MP: 3/3
     0 | D:1      | magus.rc [v1.11.3]
   132 | D:1      | Reached XP level 2. HP: 8/15 MP: 1/5
   133 | D:1      | Reached skill level 4 in Earth Magic
   625 | D:1      | Reached XP level 3. HP: 19/19 MP: 4/6
   629 | D:1      | Learned a level 3 spell: Stone Arrow
   632 | D:1      | Learned a level 2 spell: Passwall
  1084 | D:2      | Noticed Robin
  1188 | D:2      | Reached skill level 3 in Spellcasting
  1197 | D:2      | Killed Robin
  1197 | D:2      | HP: 4/19 [goblin/+0 club[Robin] (4)]
  1198 | D:2      | Reached XP level 4. HP: 6/24 MP: 1/8
  1203 | D:2      | HP: 2/24 [hobgoblin[Robin] (5)]
  1440 | D:2      | Found a basalt altar of Yredelemnul.
  1461 | D:2      | Reached skill level 5 in Earth Magic
  1516 | D:2      | Found a faded altar of an unknown god.
  1756 | D:2      | Reached skill level 1 in Conjurations
  1934 | D:2      | Noticed Jessica
  1944 | D:2      | Killed Jessica
  1945 | D:2      | Reached XP level 5. HP: 22/28 MP: 7/10
  2354 | D:3      | Found a white marble altar of Elyvilon.
  2355 | D:3      | Found a shadowy altar of Dithmenos.
  2355 | D:3      | Found an opulent altar of Gozag.
  2356 | D:3      | Found a sacrificial altar of Ru.
  2454 | D:3      | Reached skill level 2 in Conjurations
  3059 | D:3      | Learned a level 4 spell: Petrify
  3112 | D:3      | Reached skill level 1 in Transmutations
  3144 | D:4      | Reached XP level 6. HP: 32/32 MP: 8/11
  3174 | D:4      | Reached skill level 3 in Conjurations
  3331 | D:4      | Found a blossoming altar of Fedhas.
  3462 | D:4      | Reached skill level 4 in Spellcasting
  3528 | D:4      | You pick up a book of Geomancy and begin reading...
  3595 | D:4      | Reached XP level 7. HP: 36/36 MP: 9/13
  3622 | D:4      | Noticed Edmund
  3675 | D:4      | HP: 10/54 [Edmund/+3 flail of holy wrath (10)]
  3678 | D:4      | Killed Edmund
  3679 | D:4      | Reached skill level 4 in Conjurations
  3679 | D:4      | Reached skill level 2 in Transmutations
  3679 | D:4      | Reached skill level 6 in Earth Magic
  3681 | D:4      | HP: 5/54 [phantom (6)]
  3952 | D:5      | Entered Level 5 of the Dungeon
  3994 | D:5      | Reached skill level 5 in Conjurations
  4181 | D:5      | Reached XP level 8. HP: 41/41 MP: 8/15
  4413 | D:5      | Found a staircase to the Ecumenical Temple.
  4433 | Temple   | Entered the Ecumenical Temple
  4542 | Temple   | Became a worshipper of Vehumet
  4775 | D:5      | Reached skill level 6 in Conjurations
  4783 | D:5      | Reached skill level 5 in Spellcasting
  4789 | D:5      | Reached skill level 7 in Earth Magic
  4941 | D:6      | You add the spells Kindle Blastsparks, Ignite Poison and
                  | Freezing Cloud to your library.
  4989 | D:6      | Found a glowing drain.
  4993 | Sewer    | Entered a sewer
  5103 | Sewer    | Reached * piety under Vehumet
  5103 | Sewer    | Offered knowledge of Shock by Vehumet.
  5645 | D:6      | Reached skill level 7 in Conjurations
  5691 | D:6      | Offered knowledge of Momentum Strike by Vehumet.
  5706 | D:6      | You pick up a book of Blood and begin reading...
  5706 | D:6      | You add the spells Wereblood and Summon Hydra to your
                  | library.
  5707 | D:6      | You fall into a shaft and drop 2 floors!
  5744 | D:8      | Noticed a wyvern
  5750 | D:8      | Killed a wyvern
  6181 | D:7      | Reached XP level 9. HP: 45/45 MP: 15/17
  6366 | D:6      | Reached ** piety under Vehumet
  6793 | D:7      | Reached skill level 8 in Conjurations
  6793 | D:7      | Reached skill level 8 in Earth Magic
  6934 | D:7      | Reached skill level 6 in Spellcasting
  7548 | D:8      | HP: 9/45 [orc/+0 dagger (3)]
  7571 | D:8      | Noticed a two-headed ogre
  7775 | D:8      | Reached skill level 9 in Conjurations
  7775 | D:8      | Reached skill level 9 in Earth Magic
  7943 | D:8      | Found an iron altar of Okawaru.
  8018 | D:8      | Noticed a skeletal warrior
  8024 | D:8      | HP: 1/45 [skeletal warrior/+0 war axe (15)]
  8249 | D:8      | Reached skill level 7 in Spellcasting
  8252 | D:8      | Reached XP level 10. HP: 18/50 MP: 8/20
  8493 | D:8      | Noticed a wizard
  8495 | D:8      | Killed a wizard
  8496 | D:8      | Reached skill level 10 in Earth Magic
  8548 | D:8      | Noticed a manticore
  8552 | D:8      | Killed a manticore
  8553 | D:8      | Reached skill level 8 in Spellcasting
  8553 | D:8      | Reached skill level 10 in Conjurations
  8553 | D:8      | Reached skill level 2 in Fighting
  8697 | D:8      | Identified the +5 ring mail of Ru's Whim {rF++ MP+9 Int-3
                  | Stlth+}
  8697 | D:8      | Noticed a tengu warrior
  8706 | D:8      | HP: 13/53 [tengu warrior/+0 great sword (3)]
  8710 | D:8      | HP: 3/53 [tengu warrior/+0 great sword (13)]
  8711 | D:8      | Slain by a tengu warrior

Vanquished Creatures
  A wizard (D:8)
  A manticore (D:8)
  A wyvern (D:8)
  A yak (D:8)
  2 steam dragons (D:8)
  Edmund (D:4)
  2 orc warriors
  A black bear (D:8)
  2 sky beasts (D:8)
  2 ogres (D:6)
  An ice beast (D:5)
  2 centaurs
  3 phantoms
  5 bullfrogs
  A gnoll sergeant (D:8)
  5 scorpions
  4 necrophages
  4 wights (D:7)
  4 killer bees (D:8)
  2 howler monkeys
  2 hounds (D:5)
  An orc priest (D:3)
  Jessica (D:2)
  5 orc wizards
  An iguana (D:6)
  Robin (D:2)
  3 gnolls (D:5)
  13 adders
  3 shadow imps
  2 white imps
  An ufetubus (D:4)
  5 worms
  A dart slug (D:3)
  16 orcs
  6 ball pythons
  10 bats
  12 endoplasms
  7 giant cockroaches
  12 goblins
  11 hobgoblins
  6 jackals
  19 quokkas
  14 frilled lizards
  11 kobolds
  8 rats
216 creatures vanquished.

Vanquished Creatures (others)
  2 plants (D:8)
2 creatures vanquished.

Grand Total: 218 creatures vanquished

Table legend:
 A = Non-vault XP
 B = Vault XP
 C = Vault XP percentage of total XP
 D = Non-vault monster count
 E = Vault monster count
 F = Vault count percentage of total count
                 A         B        C        D         E       F
            +---------+---------+-------+---------+---------+-------
      Total |    3130 |    3486 |  52.7 |     133 |      83 |  38.4
            +---------+---------+-------+---------+---------+-------
        D:1 |      44 |       0 |   0.0 |      27 |       0 |   0.0
        D:2 |      72 |      78 |  52.0 |      22 |      15 |  40.5
        D:3 |      93 |       0 |   0.0 |      20 |       0 |   0.0
        D:4 |     439 |     168 |  27.7 |      15 |       2 |  11.8
        D:5 |     536 |     188 |  26.0 |      21 |       4 |  16.0
        D:6 |     305 |       5 |   1.6 |       5 |       3 |  37.5
        D:7 |     935 |       0 |   0.0 |      16 |       0 |   0.0
        D:8 |     706 |    2730 |  79.5 |       7 |      18 |  72.0
      Sewer |       0 |     317 | 100.0 |       0 |      41 | 100.0
            +---------+---------+-------+---------+---------+-------

Illustrated notes

Table legend:
 A = Kills in this place as a percentage of kills in entire the game.
 B = Kills by you in this place as a percentage of kills by you in the entire game.
 C = Kills by friends in this place as a percentage of kills by friends in the entire game.
 D = Other kills in this place as a percentage of other kills in the entire game.
 E = Experience gained in this place as a percentage of experience gained in the entire game.
 F = Experience gained in this place divided by the number of levels of this place that you have seen.
                   A       B       C       D       E      F
               +-------+-------+-------+-------+-------+----------------------
         Total | 100.0 | 100.0 |   N/A |   N/A | 100.0 | 661.6
       Dungeon |  81.0 |  81.0 |   N/A |   N/A |  95.2 | 787.4
         Sewer |  19.0 |  19.0 |   N/A |   N/A |   4.8 | 317.0
               +-------+-------+-------+-------+-------+----------------------

Table legend: (Time is in decaauts)
 A = Elapsed time spent in this place.
 B = Non-inter-level travel time spent in this place.
 C = Inter-level travel time spent in this place.
 D = Time resting spent in this place.
 E = Time spent auto-exploring this place.
 F = Levels seen in this place.
 G = Mean time per level.
                   A        B        C        D        E       F      G
               +--------+--------+--------+--------+--------+-----+--------+
         Total |   8969 |   8677 |    292 |    827 |   6429 |  10 |  896.9 |
       Dungeon |   8123 |   7856 |    267 |    701 |   5951 |   8 | 1015.4 |
        Temple |    134 |    109 |     25 |      0 |     95 |   1 |  134.0 |
         Sewer |    711 |    711 |      0 |    126 |    382 |   1 |  711.0 |
               +--------+--------+--------+--------+--------+-----+--------+

Top non-repeatable levels by time:
     D:7: 1284 daAuts
     D:2: 1242 daAuts
     D:8: 1226 daAuts
     D:1: 1007 daAuts
     D:3: 952 daAuts
     D:4: 881 daAuts
     D:5: 832 daAuts
   Sewer: 711 daAuts
     D:6: 695 daAuts
  Temple: 134 daAuts
